 Dungeon Sprint DCSS version 0.29-a0-409-gd843f3a48c (webtiles) character file.

Game seed: 14333204304141916440

12954 mhtbhm the Executioner (level 11, -5/122 HPs)
             Began as a Minotaur Berserker on May 15, 2022.
             Was the Champion of Trog.
             Succumbed to poison (dark miasma)
             ... in the Dungeon (Sprint III: "The Ten Rune Challenge").
             The game lasted 00:05:39 (4381 turns).

mhtbhm the Executioner (Minotaur Berserker)         Turns: 4381, Time: 00:05:40

Health: -5/122     AC: 10    Str: 25    XL:     11   Next: 69%
Magic:  10/10      EV: 16    Int:  4    God:    Trog [******]
Gold:   2457       SH:  0    Dex: 14    Spells: 10/10 levels left

rFire   . . .      SeeInvis .   a - +6 executioner's axe of Reapportionment {vorpal, Dex+3}
rCold   . . .      Faith    .   (shield currently unavailable)
rNeg    . . .      Spirit   .   b - +0 scale mail
rPois   .          Reflect  .   (helmet restricted)
rElec   .          Harm     .   k - +0 cloak
rCorr   .          Rampage  .   (no gloves)
Will    .....      NoTele   +   (no boots)
Stlth   +.........              (no amulet)
HPRegen 0.30/turn               (no ring)
MPRegen 0.12/turn               (no ring)

@: lethally poisoned (-5 -> -47), on berserk cooldown, slowed, very slow
A: horns 2, retaliatory headbutt
a: Renounce Religion, Berserk, Trog's Hand, Brothers in Arms


You were in the Dungeon.
You worshipped Trog.
Trog was exalted by your worship.
You visited 1 branch You collected 2457 gold pieces.

Inventory:

Hand Weapons
 a - the +6 executioner's axe of Reapportionment (weapon) {vorpal, Dex+3}
   (Trog gifted it to you in the Dungeon)

   It inflicts extra damage upon your enemies.
   Dex:       It affects your dexterity (+3).
 e - a +3 antimagic executioner's axe
 v - a +4 vampiric double sword
 w - a +4 executioner's axe of flaming
Missiles
 u - 4 javelins (quivered)
Armour
 b - a +0 scale mail (worn)
 k - a +0 cloak (worn)
Jewellery
 s - the ring of the Dragon {Fly AC+4}
   (You took it off a deep elf demonologist in the Dungeon)

   [ring of protection]

   AC:        It affects your AC (+4).
   Fly:       It grants you flight.
Wands
 q - a wand of flame (8)
Scrolls
 h - 2 scrolls of blinking
 i - a scroll of enchant armour {unknown}
 m - 2 scrolls of torment {unknown}
 n - 4 scrolls of identify
 t - 2 scrolls of amnesia {unknown}
Potions
 c - 3 potions of curing
 d - a potion of heal wounds
 f - 2 potions of magic
 g - a potion of berserk rage
 j - a potion of lignification {unknown}
 l - 4 potions of mutation {unknown}
 o - 2 potions of attraction {unknown}
 p - a potion of flight {unknown}
Miscellaneous
 r - a tin of tremorstones (2/2)


   Skills:
 + Level 19.0 Fighting
 + Level 22.1 Axes
 + Level 12.5 Armour
 + Level 12.0 Dodging
 + Level 3.4 Stealth
 + Level 5.8 Evocations


You had 10 spell levels left.
You didn't know any spells.
Your spell library was empty.

Dungeon Overview and Level Annotations

Branches:
Dungeon (1/1)

Altars:
Cheibriados
Dithmenos
Elyvilon
Fedhas
Gozag
Hepliaklqana
Kikubaaqudgha
Makhleb
Nemelex Xobeh
Okawaru
Qazlal
Ru
Sif Muna
Trog
Uskayaw
Vehumet
Wu Jian
Xom
Yredelemnul
Zin
The Shining One
Beogh
Jiyva
Lugonu

Shops:
D (


Innate Abilities, Weirdness & Mutations

You have a pair of horns on your head.
You reflexively headbutt those who attack you in melee.


Message History

The death drake breathes miasma at you. The foul vapour engulfs you!
You are more poisoned.
You feel yourself slow down.
Unknown command.
A red film seems to cover your vision as you go berserk!
You feel yourself moving faster!
You feel mighty!
You are engulfed in dark miasma.
You are more poisoned.
You feel extremely sick.
The death drake bites you but does no damage.
The death drake closely misses you.
You slice the death drake!! You headbutt the death drake!!
The death drake is almost dead.
You are engulfed in dark miasma.
You are more poisoned.
You feel extremely sick. The death drake misses you.
Unknown command.
You slash the death drake!
You kill the death drake!
Trog accepts your kill.
You are engulfed in dark miasma.
You are more poisoned.
* * * LOW HITPOINT WARNING * * *
You feel extremely sick.
Your Fighting skill increases to level 19!
Your Dodging skill increases to level 12!
* * * LOW HITPOINT WARNING * * *
You feel extremely sick.
You feel a strong urge to attack something.
* * * LOW HITPOINT WARNING * * *
You feel extremely sick.
* * * LOW HITPOINT WARNING * * *
You feel extremely sick.
Unknown command.
You feel your anger nearly subside.
You are no longer berserk.
You are exhausted.
You feel as though you will be slow longer.
You die...

♣♣♣♣.##..##≈≈≈≈≈≈..#
♣...##.##.#≈≈≈≈≈...#
♣♣.##.##.##'≈≈≈≈≈####
♣..#.##[.÷#≈≈....○.°
♣♣.##.##..#≈..+#####
♣♣.##.#####...#
♣.....##.÷....#
########'###### #@♣♣
#♣.♣ ♣.♣♣ ♣♣Z♣ ♣.♣♣
♣Z♣ ♣.. ♣♣.♣ ♣.


You could see a swamp dragon skeleton.

Vanquished Creatures
  A deep elf demonologist (D)
  2 hydras (D)
  Erolcha (D)
  Urug (D)
  2 orc high priests (D)
  2 death drakes (D)
  A lindwurm (D)
  A deep elf zephyrmancer (D)
  6 deep elf pyromancers (D)
  2 cane toads (D)
  A komodo dragon (D)
  2 tyrant leeches (D)
  A shadow (D)
  3 wandering mushrooms (D)
  5 redbacks (D)
  A spatial vortex (D)
  3 orc warriors (D)
  5 two-headed ogres (D)
  A necrophage (D)
  A water elemental (D)
  An electric eel (D)
  A jelly (D)
  3 orc priests (D)
  Crazy Yiuf (D)
  Jessica (D)
  A wizard (D)
  2 orc wizards (D)
  A necromancer (D)
  A kobold demonologist (D)
  3 humans (D)
  8 orcs (D)
  3 rats (D)
68 creatures vanquished.

Vanquished Creatures (others)
  A plant (D)
1 creature vanquished.

Grand Total: 69 creatures vanquished

Notes
Turn   | Place    | Note
-------+----------+-------------------------------------------
     0 | D        | mhtbhm the Minotaur Berserker began the quest for the Orb.
     0 | D        | Reached XP level 1. HP: 19/19 MP: 0/0
    11 | D        | Reached skill level 4 in Axes
    28 | D        | Reached ** piety under Trog
    36 | D        | Noticed Jessica
    40 | D        | Killed Jessica
    41 | D        | Reached skill level 5 in Fighting
    41 | D        | Reached skill level 5 in Axes
    41 | D        | Reached XP level 2. HP: 30/30 MP: 1/1
   107 | D        | Noticed Crazy Yiuf
   109 | D        | Killed Crazy Yiuf
   110 | D        | Reached skill level 6 in Axes
   110 | D        | Reached XP level 3. HP: 38/38 MP: 2/2
   115 | D        | Reached skill level 7 in Axes
   115 | D        | Reached XP level 4. HP: 47/47 MP: 3/3
   175 | D        | Noticed a water elemental
   181 | D        | Killed a water elemental
   181 | D        | Reached *** piety under Trog
   182 | D        | Reached skill level 8 in Axes
   339 | D        | Found a basalt altar of Yredelemnul.
   339 | D        | Found a shadowy altar of Dithmenos.
   339 | D        | Found a sacrificial altar of Ru.
   339 | D        | Noticed a necrophage
   348 | D        | Killed a necrophage
   349 | D        | Reached skill level 9 in Axes
   349 | D        | Reached XP level 5. HP: 25/57 MP: 4/4
   351 | D        | Reached skill level 5 in Armour
   351 | D        | Reached skill level 5 in Dodging
   554 | D        | Found a radiant altar of Vehumet.
   554 | D        | Found a shimmering blue altar of Sif Muna.
   554 | D        | Found an ancient bone altar of Kikubaaqudgha.
   557 | D        | Noticed an ice devil
   558 | D        | Reached **** piety under Trog
   559 | D        | Noticed an orange demon
   563 | D        | HP: 4/87 [orange demon[a kobold demonologist] (10)]
   853 | D        | Found a hide-covered altar of Uskayaw.
   853 | D        | Found an iron altar of Okawaru.
   853 | D        | Found a bloodstained altar of Trog.
   853 | D        | Found an ornate altar of the Wu Jian Council.
   853 | D        | Noticed a human
   853 | D        | Noticed a human
   854 | D        | Found a glowing silver altar of Zin.
   854 | D        | Found a glowing golden altar of the Shining One.
   854 | D        | Found a white marble altar of Elyvilon.
   854 | D        | Noticed a deep elf pyromancer
   859 | D        | Killed a deep elf pyromancer
   860 | D        | Reached skill level 12 in Axes
   860 | D        | Reached skill level 1 in Stealth
   860 | D        | Reached XP level 6. HP: 70/70 MP: 5/5
   860 | D        | Reached XP level 7. HP: 77/77 MP: 6/6
   862 | D        | Killed a human
   862 | D        | Reached ***** piety under Trog
   867 | D        | Killed a human
   868 | D        | Reached skill level 13 in Axes
  1025 | D        | Noticed a shadow
  1028 | D        | Killed a shadow
  1029 | D        | Reached XP level 8. HP: 86/86 MP: 7/7
  1081 | D        | Found a blossoming altar of Fedhas.
  1081 | D        | Found a stormy altar of Qazlal.
  1081 | D        | Found a snail-covered altar of Cheibriados.
  1081 | D        | Found a burning altar of Makhleb.
  1081 | D        | Found a shimmering altar of Xom.
  1082 | D        | Found a hazy altar of Hepliaklqana.
  1082 | D        | Found an opulent altar of Gozag.
  1082 | D        | Found a sparkling altar of Nemelex Xobeh.
  1082 | D        | Found a corrupted altar of Lugonu.
  1082 | D        | Found a viscous altar of Jiyva.
  1299 | D        | Received a gift from Trog
  1300 | D        | Reached skill level 14 in Axes
  1524 | D        | Noticed a two-headed ogre
  1543 | D        | Killed a two-headed ogre
  1544 | D        | Reached skill level 1 in Evocations
  1760 | D        | Noticed a two-headed ogre
  1760 | D        | Noticed Erolcha
  1764 | D        | Killed Erolcha
  1765 | D        | Reached skill level 15 in Fighting
  1765 | D        | Reached skill level 15 in Axes
  1765 | D        | Reached XP level 9. HP: 97/97 MP: 8/8
  1766 | D        | Killed a two-headed ogre
  1897 | D        | Found Cefon's Antique Weapon Boutique.
  1900 | D        | Reached ****** piety under Trog
  1900 | D        | Received a gift from Trog
  1900 | D        | Noticed an orc high priest
  1901 | D        | Reached skill level 16 in Axes
  1903 | D        | Noticed an orc high priest
  1904 | D        | Noticed an orange demon
  1906 | D        | Reached skill level 10 in Dodging
  1909 | D        | Received a gift from Trog
  1913 | D        | Killed an orc high priest
  1921 | D        | Noticed an orange demon
  1921 | D        | Noticed a sun demon
  1921 | D        | Killed an orc high priest
  1922 | D        | Reached skill level 17 in Axes
  1922 | D        | Reached XP level 10. HP: 79/108 MP: 9/9
  2127 | D        | Noticed a deep elf pyromancer
  2127 | D        | Noticed a deep elf pyromancer
  2127 | D        | Noticed a deep elf zephyrmancer
  2127 | D        | Noticed a deep elf pyromancer
  2127 | D        | Noticed a deep elf pyromancer
  2138 | D        | Killed a deep elf pyromancer
  2138 | D        | Killed a deep elf pyromancer
  2138 | D        | Received a gift from Trog
  2139 | D        | Reached skill level 18 in Axes
  2141 | D        | Killed a deep elf pyromancer
  2145 | D        | Killed a deep elf pyromancer
  2151 | D        | Killed a deep elf zephyrmancer
  2152 | D        | Reached skill level 10 in Armour
  2155 | D        | Noticed a deep elf pyromancer
  2156 | D        | Noticed a deep elf demonologist
  2238 | D        | Identified the +9 scimitar "Moenikh" {freeze, rPois Str+2}
  2238 | D        | Identified the ring of the Dragon {Fly AC+4}
  2240 | D        | Noticed a deep elf death mage
  2252 | D        | Killed a deep elf demonologist
  2252 | D        | Received a gift from Trog
  2253 | D        | Reached skill level 19 in Axes
  2322 | D        | Killed a deep elf pyromancer
  2326 | D        | Noticed a deep elf master archer
  2326 | D        | Identified the +2 trident of Blood-Lust {distort, Str+4
                  | Int+3}
  2326 | D        | Identified the ring of Erghykagy {rF- rC+ Int+5}
  2352 | D        | Noticed a deep elf death mage
  2855 | D        | Reached skill level 5 in Evocations
  2862 | D        | Reached skill level 20 in Axes
  2862 | D        | Reached XP level 11. HP: 112/118 MP: 10/10
  2955 | D        | Received a gift from Trog
  3333 | D        | Noticed a lindwurm
  3337 | D        | Killed a lindwurm
  3338 | D        | Reached skill level 21 in Axes
  3628 | D        | Noticed Urug
  3633 | D        | Killed Urug
  3901 | D        | Noticed an eight-headed hydra
  3901 | D        | Noticed an eight-headed hydra
  3909 | D        | Killed a six-headed hydra
  3909 | D        | Identified the +6 executioner's axe of Reapportionment
                  | {vorpal, Dex+3} (Trog gifted it to you in the Dungeon)
  3909 | D        | Received a gift from Trog
  3912 | D        | Killed a six-headed hydra
  4020 | D        | Noticed a death drake
  4025 | D        | Killed a death drake
  4026 | D        | Reached skill level 22 in Axes
  4371 | D        | Noticed a death drake
  4377 | D        | Killed a death drake
  4380 | D        | HP: 6/183 [poison (dark miasma)]
  4381 | D        | Succumbed to poison (dark miasma)

Illustrated notes

Levels and vault maps discovered:
D:        dungeon_sprint_mu [sprint_mu_entry_cave, sprint_mu_temple_rooms,
          sprint_mu_d1_spiders, sprint_mu_d2_genie, sprint_mu_d3_branching,
          sprint_mu_orc_legion, sprint_mu_elf_gauntlet, sprint_mu_hive_nellie,
          sprint_mu_lair_fedhas, sprint_mu_vaults_butterflies,
          sprint_mu_slime_circle, sprint_mu_swamp_cave, sprint_mu_snake_twists,
          sprint_mu_blade_basic, sprint_mu_crypt_fortress,
          sprint_mu_tomb_spiral, sprint_mu_vestibule_basic,
          sprint_mu_gehenna_hellfire, sprint_mu_dis_giant,
          sprint_mu_tartarus_statrot, sprint_mu_cocytus_islands, sprint_mu_zot1]

Skill      XL: |  1  2  3  4  5  6  7  8  9 10 11 |
---------------+----------------------------------+-----
Fighting       | 5 6 7 9 12 13 15 16 17 19 | 19.0
Axes           | 5 6 7 9 12 13 15 17 20 22 | 22.1
Armour         | 3 4 6 8 9 10 12 | 12.5
Dodging        | 3 4 7 8 9 10 11 12 | 12.0
Stealth        | 1 2 3 |  3.4
Evocations     | 1 3 5 |  5.8

Action                   |  1- 3 |  4- 6 |  7- 9 | 10-12 || total
-------------------------+-------+-------+-------+-------++-------
Melee: Hand axe          |    12 |    26 |    24 |       ||    62
       Headbutt          |     3 |     7 |    11 |    17 ||    38
       Battleaxe         |       |       |    28 |       ||    28
       Punch             |       |       |     1 |       ||     1
       Executioner's axe |       |       |       |    58 ||    58
       Broad axe         |       |       |       |    18 ||    18
Invok: Berserk           |     1 |     4 |     4 |     6 ||    15
Evoke: Wand              |       |       |     7 |     3 ||    10
       Tin of tremorston |       |       |     2 |     2 ||     4
  Use: Potion            |       |       |     1 |       ||     1
 Stab: Sleeping          |       |     1 |       |       ||     1
Armor: Animal skin       |     1 |     3 |     1 |       ||     5
       Scale mail        |       |       |     3 |    14 ||    17
Dodge: Dodged            |     4 |    10 |    27 |    34 ||    75

Table legend: (Time is in decaauts)
 A = Elapsed time spent in this place.
 B = Non-inter-level travel time spent in this place.
 C = Inter-level travel time spent in this place.
 D = Time resting spent in this place.
 E = Time spent auto-exploring this place.
 F = Levels seen in this place.
 G = Mean time per level.
                   A        B        C        D        E       F      G
               +--------+--------+--------+--------+--------+-----+--------+
         Total |   4491 |   4491 |      0 |   3663 |     32 |   1 | 4491.0 |
       Dungeon |   4491 |   4491 |      0 |   3663 |     32 |   1 | 4491.0 |
               +--------+--------+--------+--------+--------+-----+--------+

Top non-repeatable levels by time:
       D: 4491 daAuts
